 Dungeon Crawl Stone Soup version 0.28.0 (webtiles) character file.

Game seed: 3629538417820456664

5 RighteousDevil the Charlatan (level 1, 0/12 HPs)
             Began as a Kobold Wanderer on Feb 7, 2022.
             Slain by a jackal (2 damage)
             ... on level 1 of the Dungeon.
             The game lasted 00:02:00 (210 turns).

RighteousDevil the Charlatan (Kobold Wanderer)       Turns: 210, Time: 00:02:00

Health: 0/12       AC:  2    Str:  9    XL:     1   Next: 88%
Magic:  1/2        EV: 14    Int: 13    God:
Gold:   13         SH:  0    Dex: 14    Spells: 1/2 levels left

rFire   + . .      SeeInvis .   a - +0 dagger
rCold   . . .      Faith    .   (no shield)
rNeg    . . .      Spirit   .   c - +0 robe
rPois   .          Reflect  .   (no helmet)
rElec   .          Harm     .   (no cloak)
rCorr   .          Rampage  .   (no gloves)
Will    .....                   (no boots)
Stlth   +++.......              (no amulet)
HPRegen 0.04/turn               (no ring)
MPRegen 0.08/turn               (no ring)

@: no status effects
A: small, no large weapons, nightstalker 3, fire resistance 1
a: no special abilities


You were on level 1 of the Dungeon.
You visited 1 branch of the dungeon, and saw 1 of its levels.

You collected 13 gold pieces.

Inventory:

Hand Weapons
 a - a +0 dagger (weapon)
Armour
 c - a +0 robe (worn)
Miscellaneous
 d - a phial of floods (inert)


   Skills:
 - Level 1.1 Fighting
 + Level 1.0 Short Blades
 - Level 1.0 Armour
 + Level 1.5 Dodging
 + Level 0.9 Stealth
 - Level 1.1 Spellcasting
 - Level 1.0 Ice Magic
 - Level 6.0 Evocations


You had one spell level left.
You knew the following spells:

 Your Spells              Type           Power      Damage    Failure   Level
a - Freeze                Ice            12%        1d4       19%         1

Your spell library contained the following spells:

 Spells                   Type           Power      Damage    Failure   Level
 Ozocubu's Armour         Ice            3%         N/A       50%         3


Dungeon Overview and Level Annotations

Branches:
Dungeon (1/15)

Altars:


Innate Abilities, Weirdness & Mutations

You are small and have problems with some larger weapons.
You are completely attuned to the shadows.
Your flesh is heat resistant. (rF+)


Message History

The jackal barely misses you.
You hit the jackal.
You kill the jackal!
You barely miss the jackal. The jackal barely misses you. The jackal bites you.
* * * LOW HITPOINT WARNING * * *
Aiming: Freeze (safe; 19% risk of failure)
Press: ? - help, Q - select action, (/) - cycle Shift-Dir - straight line, f - jackal
Aim: a jackal You freeze the jackal.
The jackal is moderately wounded.
The jackal barely misses you.
You don't have enough magic to cast this spell.
Unknown command.
Unknown command.
You completely miss the jackal.
The jackal is moderately wounded.
The jackal misses you. x2
The jackal closely misses you.
It was a potion of mutation.
You feel extremely strange.
Your connection to magic feels subdued.
You feel resistant to heat.
Your magic regains its normal vibrancy.
The jackal closely misses you.
Okay, then.
Aim the phial where?
Press: ? - help, Shift-Dir - straight line, f/p - jackal
Aim: a jackal (moderately wounded)
The torrent of water hits the jackal!
You kill the jackal!
The wave splashes down.
Splash!
You fall into the shallow water.
Moving in this stuff is going to be slow.
The jackal is engulfed in water.
Your Short Blades skill increases to level 1!
The jackal bites you but does no damage.
You are too injured to fight recklessly!
You hit the jackal but do no damage.
The jackal splashes around in the water.
You hit the jackal but do no damage. The jackal bites you.
You die...

.##.# #..........#
.##.#.###.########.#
..........# #.#
##.....###
#####.#####
##.#...##
#.........# #..##.##
#.#.#.#.#.# ##.##.#
#.#.#.#.#.# ...##.#
#.#.#.#.#.# #####+#
#..@....#.# + ..#
###h#.###.# ...#
##≈≈.....# ....##
##≈##†#####
.....####≈≈.#.###
.....'.†≈≈≈.....#
.....####...#.#.#
....## ##.##.#.#
...# #.##.#.#


You could see a jackal (waterlogged).

Vanquished Creatures
  A bat (D:1)
  3 jackals (D:1)
4 creatures vanquished.

Notes
Turn   | Place    | Note
-------+----------+-------------------------------------------
     0 | D:1      | RighteousDevil the Kobold Wanderer began the quest for the
                  | Orb.
     0 | D:1      | RighteousDevil set off with the following items: a +0
                  | dagger, a potion of curing, a +0 robe, a phial of floods;
                  | and the following spell memorised: Freeze; and the
                  | following spells available to memorise: Ozocubu's Armour
     0 | D:1      | Reached XP level 1. HP: 12/12 MP: 2/2
   205 | D:1      | Gained mutation: Your spells are a little easier to cast,
                  | but a little less powerful. [potion of mutation]
   205 | D:1      | Gained mutation: Your flesh is heat resistant. (rF+)
                  | [potion of mutation]
   205 | D:1      | Lost mutation: Your spells are a little easier to cast, but
                  | a little less powerful. [potion of mutation]
   207 | D:1      | Reached skill level 1 in Short Blades
   210 | D:1      | Slain by a jackal

Illustrated notes

Levels and vault maps discovered:
D:1:      lemuel_arrival_rhombus, layout_loops_corners, minmay_pentomino_s2

Skill      XL: |  1 |
---------------+----+-----
Short Blades   | 1 |  1.0
Fighting       | |  1.1
Armour         | |  1.0
Dodging        | |  1.5
Stealth        | |  0.9
Spellcasting   | |  1.1
Ice Magic      | |  1.0
Evocations     | |  6.0

Action                   || total
-------------------------++-------
Melee: Dagger            ||    40
       Punch             ||     1
 Cast: Freeze            ||     3
Evoke: Phial of floods   ||     1
  Use: Potion            ||     2
Armor: Robe              ||    10
Dodge: Dodged            ||    47
